 Dungeon Crawl Stone Soup version 0.32-a0-640-gc5db3fc (webtiles) character file.

Game seed: 767901585420339430

737 Anonymous1 the Shooter (level 7, -1/52 HPs)
             Began as a Coglin Hunter on Mar 7, 2024.
             Slain by an orc wizard
             ... wielding the +4 long sword of Axinomon {freeze, rF+ rCorr Stlth-}
              (2 damage)
             ... on level 5 of the Dungeon.
             The game lasted 00:08:21 (4913 turns).

Anonymous1 the Shooter (Coglin Hunter)              Turns: 4913, Time: 00:08:22

Health: -1/52      AC:  6    Str: 13    XL:     7   Next: 75%
Magic:  7/7        EV: 12    Int:  8    God:
Gold:   199        SH:  0    Dex: 18    Spells: 6/6 levels left

rFire   . . .        a - +2 sling {Hong}
rCold   . . .        d - +0 sling {Karl}
rNeg    . . .        c - +0 leather armour
rPois   .            (no helmet)
rElec   .            (no cloak)
rCorr   .            r - +0 pair of gloves
SInv    .            o - +1 pair of boots
Will    .....        (amulet unavailable)
Stlth   +            (ring unavailable)
HPRegen 0.28/turn    (ring unavailable)
MPRegen 0.10/turn    (no gizmo)

%: no passive effects
@: confused, revved
A: off-hand wielding, slow wielding, warmup strikes, no jewellery
a: Invent Gizmo


You were on level 5 of the Dungeon.
You visited 1 branch of the dungeon, and saw 5 of its levels.
You also visited: Sewer.

You collected 199 gold pieces.

Inventory:

Hand Weapons
 a - a +2 sling (weapon) {Hong}
 d - a +0 sling (offhand) {Karl}
Missiles
 k - 12 poisoned darts (quivered)
Armour
 c - a +0 leather armour (worn)
 o - a +1 pair of boots (worn)
 r - a +0 pair of gloves (worn)
Wands
 p - a wand of warping (14)
 s - a wand of flame (13)
Scrolls
 b - a scroll of butterflies
 f - a scroll of vulnerability
 i - a scroll of blinking
 m - 2 scrolls of fog {unknown}
 n - a scroll of teleportation
 q - a scroll of enchant weapon {unknown}
Potions
 e - 3 potions of might
 g - 2 potions of heal wounds {unknown}
 h - 2 potions of resistance {unknown}
 j - a potion of brilliance {unknown}
 l - 2 potions of curing {unknown}


   Skills:
 + Level 3.6 Fighting
 * Level 7.8 Ranged Weapons
 + Level 0.7 Armour
 + Level 1.9 Dodging
 - Level 0.7 Stealth


You had 6 spell levels left.
You didn't know any spells.
Your spell library contained the following spells:

 Spells                   Type           Power      Damage    Failure   Level
 Blink                    Tloc           0%         N/A       63%         2
 Cigotuvi's Dreadful Rot  Necr/Alch/Air  0%         N/A       63%         2
 Lesser Beckoning         Tloc           0%         N/A       63%         2
 Momentum Strike          Conj/Tloc      0%         3d8       63%         2
 Scorch                   Fire           0%         2d5       63%         2
 Anguish                  Hex/Necr       0%         N/A       99%         4
 Dispel Undead            Necr           0%         3d6       99%         4
 Flame Wave               Conj/Fire      0%         2d4       99%         4
 Martyr's Knell           Necr/Summ      0%         N/A       99%         4
 Death Channel            Necr           0%         N/A       100%        6
 Summon Cactus Giant      Summ           0%         N/A       100%        6
 Polar Vortex             Ice            0%         N/A       100%        9


Dungeon Overview and Level Annotations

Branches:
Dungeon (5/15)              Sewer (visited)
 Temple: D:4-7

Altars:
Dithmenos
Gozag
Ru
Xom


Innate Abilities, Weirdness & Mutations

You can wield a second weapon in your off-hand.
It takes a long time for you to wield or remove held weapons.
Your first few attacks do less damage.
You cannot equip rings or amulets.


Message History

The bombardier beetle bites you.
You are too injured to fight recklessly!
You are too injured to fight recklessly!
You shoot a sling bullet.
The sling bullet hits the bombardier beetle.
You kill the bombardier beetle!
You shoot a sling bullet. The sling bullet hits the orc.
The orc is heavily wounded.
The liquid fire burns you!
* * * LOW HITPOINT WARNING * * *
You shoot a sling bullet.
The sling bullet closely misses the orc.
The sling bullet hits the orc.
You kill the orc!
You shoot a sling bullet. The sling bullet barely misses the orc.
The liquid fire burns you!
* * * LOW HITPOINT WARNING * * *
The orc barely misses you.
You shoot a sling bullet. The sling bullet hits the orc.
You kill the orc!
You shoot a sling bullet. The liquid fire burns you!
* * * LOW HITPOINT WARNING * * *
You shoot a sling bullet. x2
The liquid fire burns you!
* * * LOW HITPOINT WARNING * * *
Something hits you.
* * * LOW HITPOINT WARNING * * *
Something freezes you.
* * * LOW HITPOINT WARNING * * *
You shoot a sling bullet. x2
The liquid fire burns you!
* * * LOW HITPOINT WARNING * * *
You hear some strange, mumbled words.
You are confused.
You closely miss something with your +0 sling.
You miss something with your +2 sling. Something hits you.
* * * LOW HITPOINT WARNING * * *
Something freezes you.
You die...

........ ........ ...
....... ........ ...#
....... ........ ...
....... ........ ###.###
....... ...##+##.
##.....##.)..... ...#
#.##.ß...ß.#.$..... ♣..#
..#.......#....... ♣..#
......_.@.)$...... ♣..#
##.......#....... ...#
.#.ß...ß.#.......
...#####..##.....#########
..........####.###.#
......###+ #.......#
......# ##.......#
..##..## #...#....#
..##...# #...#....#


There were no monsters in sight!

Vanquished Creatures
  A kobold brigand (D:4)
  2 brain worms (Sewer)
  A scorpion (D:4)
  A howler monkey (D:4)
  A bombardier beetle (D:5)
  A hound (D:4)
  An orc priest (D:4)
  An orc wizard (D:5)
  11 adders
  4 gnolls (D:3)
  4 river rats (Sewer)
  2 white imps (D:5)
  3 ribbon worms
  15 orcs
  6 endoplasms
  4 giant cockroaches
  6 hobgoblins
  11 jackals
  11 kobolds
  3 quokkas
  9 ball pythons
  5 bats
  3 frilled lizards
  8 goblins
  13 rats
127 creatures vanquished.

Notes
Turn   | Place    | Note
-------+----------+-------------------------------------------
     0 | D:1      | Anonymous1 the Coglin Hunter began the quest for the Orb.
     0 | D:1      | Reached XP level 1. HP: 16/16 MP: 1/1
     0 | D:1      | Noticed an orb of fire
     1 | D:1      | Noticed an iron dragon
     3 | D:1      | Noticed a tentacled monstrosity
     5 | D:1      | Noticed an ice dragon
     6 | D:1      | Noticed a yellow draconian
     7 | D:1      | Noticed a tentacled monstrosity
     8 | D:1      | Noticed an orb of fire
    10 | D:1      | Noticed an orb of fire
    12 | D:1      | Noticed a tentacled monstrosity
    12 | D:1      | Noticed a tentacled monstrosity
    14 | D:1      | Noticed an iron dragon
    14 | D:1      | Noticed a shadow dragon
    14 | D:1      | Noticed an iron dragon
    16 | D:1      | Noticed an ice dragon
    16 | D:1      | Noticed an ice dragon
    16 | D:1      | Noticed a shadow dragon
    18 | D:1      | Noticed an orb of fire
    18 | D:1      | Noticed a white draconian
    20 | D:1      | Noticed a tentacled monstrosity
   124 | D:1      | Reached skill level 4 in Ranged Weapons
   124 | D:1      | Reached XP level 2. HP: 15/22 MP: 2/2
   366 | D:1      | Reached XP level 3. HP: 27/27 MP: 3/3
  2112 | D:3      | Found a shimmering altar of Xom.
  2151 | D:3      | Reached XP level 4. HP: 31/34 MP: 4/4
  2397 | D:3      | Reached skill level 5 in Ranged Weapons
  2551 | D:3      | Reached XP level 5. HP: 21/39 MP: 5/5
  2836 | D:3      | Found a faded altar of an unknown god.
  3280 | D:4      | Noticed a kobold brigand
  3287 | D:4      | Killed a kobold brigand
  3288 | D:4      | Reached skill level 6 in Ranged Weapons
  3290 | D:4      | Reached XP level 6. HP: 42/46 MP: 6/6
  3395 | D:4      | Found a sacrificial altar of Ru.
  3536 | D:4      | Found a glowing drain.
  3549 | Sewer    | Entered a sewer
  3608 | Sewer    | Reached XP level 7. HP: 52/52 MP: 7/7
  3614 | Sewer    | Reached skill level 7 in Ranged Weapons
  4683 | D:5      | Entered Level 5 of the Dungeon
  4777 | D:5      | Found a shadowy altar of Dithmenos.
  4805 | D:5      | Got the Excursus on the Charnel House and Frost
  4879 | D:5      | Found an opulent altar of Gozag.
  4896 | D:5      | Identified the +4 long sword of Axinomon {freeze, rF+ rCorr
                  | Stlth-}
  4913 | D:5      | HP: 1/52 [something (4)]
  4913 | D:5      | Slain by an orc wizard

Illustrated notes

Levels and vault maps discovered:
D:1:      shiori_arrival_whats_in_store_for_you, layout_basic
D:2:      layout_basic, nrook_mini_backslash
D:3:      layout_basic, regret_index_xom_buried_treasure,
          nicolae_ecumenical_pavilion, serial_bayou_lake_a
D:4:      layout_loops_ring, mainiacjoe_overflow_alcove_4, enter_ossuary_2,
          portal_sewer_entry_b
D:5:      layout_gridville, grunt_gozag_statues,
          nicolae_dithmenos_shadow_blocks, chequers_garden, grunt_ministairs_15

Skill      XL: |  1  2  3  4  5  6  7 |
---------------+----------------------+-----
Ranged Weapons | 4 5 6 7 |  7.8
Fighting       | 3 |  3.6
Armour         | |  0.7
Dodging        | |  1.9
Stealth        | |  0.7

Action                     |  1- 3 |  4- 6 |  7- 9 || total
---------------------------+-------+-------+-------++-------
  Melee: Sling             |       |       |     2 ||     2
   Fire: Sling             |   186 |   258 |   216 ||   660
    Use: Scroll            |     3 |     2 |       ||     5
 Armour: Leather armour    |    12 |    29 |    23 ||    64
  Dodge: Dodged            |    11 |    29 |    22 ||    62

Table legend: (Time is in decaauts)
 A = Elapsed time spent in this place.
 B = Non-inter-level travel time spent in this place.
 C = Inter-level travel time spent in this place.
 D = Time resting spent in this place.
 E = Time spent auto-exploring this place.
 F = Levels seen in this place.
 G = Mean time per level.
                   A        B        C        D        E       F      G
               +--------+--------+--------+--------+--------+-----+--------+
         Total |   5134 |   4969 |    165 |      0 |   4235 |   6 |  855.7 |
       Dungeon |   4352 |   4187 |    165 |      0 |   3636 |   5 |  870.4 |
         Sewer |    782 |    782 |      0 |      0 |    599 |   1 |  782.0 |
               +--------+--------+--------+--------+--------+-----+--------+

Top non-repeatable levels by time:
     D:3: 1266 daAuts
     D:2: 1149 daAuts
     D:1: 889 daAuts
     D:4: 814 daAuts
   Sewer: 782 daAuts
     D:5: 231 daAuts
